Map: Oxide LE

Players

Stats - Winner!

  • Race: Protoss Protoss
  • Spawn Location: 7:00

PartinG

  • Race: Protoss Protoss
  • Spawn Location: 1:00

Event: IEM Katowice 2021

VOD

Have the link to the VOD?

Description

Time

  • Played on: Feb. 25, 2021, 8:21 a.m.
  • Length: 8:20

All games in this series

Show
View Real Time Build Order
Export as new Build Order

Stats Protoss - Winner!

Build Orders: 1 Gate Expand, Phoenix Opening, Blink Stalkers 

Get SALT Encoding   

  12  0:00  Probe  
  13  0:12  Probe  
  14  0:17  Pylon  
  14  0:24  Probe (Chrono Boost)  
  15  0:36  Probe (Chrono Boost)  
  15  0:39  Gateway  
  16  0:45  Probe (Chrono Boost)  
  16  0:46  Assimilator  
  17  0:51  Probe  
  17  0:55  Assimilator  
  18  1:03  Probe (Chrono Boost)  
  19  1:14  Probe (Chrono Boost)  
  20  1:27  Nexus  
  20  1:37  Cybernetics Core  
  20  1:40  Probe  
  21  1:48  Pylon  
  21  1:52  Probe  
  22  2:05  Probe  
  23  2:11  Stalker (Chrono Boost), Warp Gate (Chrono Boost)  
  25  2:17  Probe  
  26  2:29  Probe  
  27  2:34  Stalker  
  29  2:39  Gateway  
  29  2:51  Probe x2  
  31  2:55  Gateway  
  31  3:03  Probe x2  
  31  3:04  Sentry  
  35  3:15  Twilight Council  
  35  3:17  Probe (Chrono Boost)  
  37  3:20  Probe (Chrono Boost)  
  37  3:26  Probe (Chrono Boost)  
  38  3:29  Probe (Chrono Boost)  
  38  3:32  Probe  
  38  3:33  Shield Battery  
  40  3:38  Phoenix  
  40  3:39  Pylon  
  40  3:40  Probe (Chrono Boost)  
  41  3:44  Probe (Chrono Boost)  
  41  3:47  Forge  
  42  3:52  Sentry  
  45  3:57  Blink, Probe (Chrono Boost)  
  45  3:59  Probe (Chrono Boost)  
  45  4:01  Assimilator  
  46  4:03  Probe (Chrono Boost)  
  46  4:04  Probe  
  46  4:09  Robotics Facility  
  48  4:14  Pylon  
  48  4:15  Probe  
  49  4:17  Protoss Ground Weapons Level 1 (Chrono Boost), Probe  
  49  4:18  Pylon  
  50  4:28  Phoenix  
  50  4:29  Gateway  
  50  4:40  Stalker  
  50  4:41  Stalker  
  50  4:42  Stalker  
  50  4:44  Gateway  
  56  5:00  Observer (Chrono Boost)  
  57  5:08  Pylon, Stalker x2  
  57  5:11  Stalker  
  57  5:14  Probe x2  
  65  5:18  Warp Prism (Chrono Boost)  
  65  5:27  Stalker  
  69  5:31  Pylon  
  69  5:35  Stalker x2  
  73  5:39  Stalker  
  75  5:43  Nexus  
  75  5:45  Pylon  
  75  5:52  Pylon  
  75  6:04  Stalker x3  
  75  6:05  Stalker  
  75  6:06  Probe  
  75  6:07  Probe  
  85  6:19  Probe x2  
  87  6:29  Charge  
  87  6:32  Probe x2  
  81  6:42  Gateway  
  81  6:44  Warp Prism, Probe x2  
  81  6:45  Gateway x2  
  77  6:54  Observer  
  77  6:56  Gateway, Probe  
  77  6:57  Probe  
  77  6:58  Probe  
  82  7:09  Probe  
  77  7:16  Zealot x3, Sentry  
  77  7:18  Probe x2  
  77  7:19  Pylon  
  87  7:23  Templar Archives  
  87  7:28  Shield Battery  
  87  7:32  Pylon  
  87  7:34  Pylon  
  87  7:38  Zealot x4  
  87  7:41  Gateway  
  87  7:42  Gateway  
  87  7:43  Zealot  
  97  7:59  High Templar x2  
  97  8:00  Zealot x2  
  97  8:01  Zealot x2  
  97  8:02  Zealot  
  97  8:03  Archon  
  97  8:04  Zealot  
  113  8:07  Pylon, Probe  
  113  8:08  Probe  
Show
View Real Time Build Order
Export as new Build Order

PartinG Protoss 

Build Orders: 1 Gate Expand, Blink Stalkers 

Get SALT Encoding   

  12  0:00  Probe  
  13  0:12  Probe  
  14  0:17  Pylon  
  14  0:24  Probe  
  15  0:36  Probe  
  15  0:37  Gateway  
  16  0:48  Probe  
  18  1:08  Nexus  
  17  1:13  Assimilator  
  17  1:16  Probe  
  18  1:29  Cybernetics Core  
  18  1:31  Probe  
  19  1:39  Pylon  
  19  1:43  Probe  
  20  1:55  Pylon, Probe  
  20  1:56  Warp Gate (Chrono Boost)  
  21  2:07  Probe  
  22  2:15  Gateway  
  22  2:20  Gateway  
  22  2:22  Probe  
  23  2:26  Probe  
  24  2:34  Gateway  
  24  2:37  Probe  
  24  2:42  Pylon  
  25  2:45  Probe  
  25  2:49  Probe  
  27  2:57  Pylon, Probe  
  28  3:01  Probe  
  28  3:05  Assimilator  
  28  3:11  Probe  
  29  3:13  Probe  
  29  3:17  Twilight Council  
  29  3:19  Assimilator  
  30  3:23  Stalker, Probe (Chrono Boost)  
  30  3:25  Probe (Chrono Boost)  
  35  3:35  Adept, Probe (Chrono Boost)  
  35  3:36  Adept, Probe (Chrono Boost)  
  35  3:39  Probe (Chrono Boost)  
  35  3:40  Probe (Chrono Boost)  
  41  3:47  Blink (Chrono Boost)  
  41  3:48  Stalker  
  44  3:52  Probe x2  
  46  4:04  Pylon  
  46  4:06  Probe x2  
  46  4:09  Sentry  
  50  4:10  Pylon  
  50  4:18  Probe x2  
  50  4:22  Stalker x2  
  56  4:27  Pylon  
  56  4:33  Probe x2  
  58  4:39  Stalker  
  58  4:41  Pylon  
  58  4:44  Robotics Facility  
  60  4:51  Stalker x2  
  64  5:02  Nexus  
  64  5:05  Sentry  
  66  5:07  Phoenix  
  66  5:09  Probe  
  66  5:10  Shield Battery, Probe  
  68  5:17  Forge  
  68  5:20  Gateway  
  68  5:27  Stalker, Sentry  
  68  5:29  Stalker  
  68  5:33  Warp Prism (Chrono Boost)  
  70  5:39  Probe x2  
  74  5:45  Shield Battery  
  74  5:47  Protoss Ground Weapons Level 1 (Chrono Boost), Pylon  
  74  5:54  Stalker  
  76  5:57  Shield Battery  
  76  5:59  Stalker  
  78  6:05  Stalker  
  80  6:13  Immortal  
  80  6:18  Stalker  
  86  6:25  Stalker  
  85  6:32  Stalker  
  80  6:36  Stalker  
  66  6:44  Stalker  
  59  6:50  Stalker  
  59  6:55  Stalker  
  59  6:59  Stalker  
  59  7:00  Gateway  
  63  7:01  Gateway  
  59  7:13  Stalker x2  
  59  7:14  Warp Prism (Chrono Boost)  
  59  7:18  Stalker  
  62  7:25  Stalker  
  63  7:36  Stalker x2  
  67  7:42  Stalker  
  69  7:49  Stalker  
  71  7:55  Stalker  
  73  8:00  Pylon  
  73  8:01  Pylon  
  73  8:02  Stalker  
  75  8:11  Stalker, Pylon  

Tags
 
Add a new tag
Caveats
  • Supply blocks, unpowered buildings, or Contaminate may cause inaccurate times.
  • Supply counts are checked every 10 seconds.